3L
CAPITAL DISTRICT RED KNIGHTS @ JACKSONVILLE SHARKS
05/10/2018
 
TOP OF THE 1ST
Capital District Red Knights batting - Pitching for Jacksonville Sharks : LHP William Davis
Pitching: LHP William Davis
Batting: LHB Alfonso Martínez 0-0: Called Strike
0-1: Foul Ball, location: 2F
0-2: Ball
1-2: Strikes out swinging
Batting: RHB Ricardo Romo 0-0: Ball
1-0: Ball
2-0: Ball
3-0: Called Strike
3-1: Fly out, F8 (Flyball, 8RXD)
Batting: RHB Chang-bum Pak 0-0: Called Strike
0-1: Ball
1-1: Hit by Pitch
Batting: LHB Dave Knight 0-0: Fly out, F8 (Flyball, 8RXD)
Top of the 1st over - 0 run(s), 0 hit(s), 0 error(s), 1 left on base; Capital District 0 - Jacksonville 0
BOTTOM OF THE 1ST
Jacksonville Sharks batting - Pitching for Capital District Red Knights : RHP John Alvarado
Pitching: RHP John Alvarado
Batting: RHB Randolph Davis 0-0: SINGLE (Line Drive, 8LS)
Batting: RHB Pedro Cruz 0-0: Called Strike
0-1: Ball
1-1: Ball
2-1: Foul Ball, location: 2F
2-2: Ball
3-2: SINGLE (Popup, 4D)
Randolph Davis to second
Runner from 2nd tries for 3rd, SAFE, throw made to third
Batting: RHB Luis Muńóz 0-0: Ball
1-0: Foul Ball, location: 2F
1-1: Ball
2-1: Foul Ball, location: 2F
2-2: Ball
3-2: Strikes out swinging
Pedro Cruz steals 2nd base
Batter strikes out.
Batting: RHB Bertrand Sunter 0-0: Ball
1-0: Ball
2-0: Called Strike
2-1: Foul Ball, location: 2F
2-2: Fly out, F7 (Flyball, 78S)
Batting: LHB Wilfrid Savary 0-0: Ball
1-0: Swinging Strike
1-1: Foul Ball, location: 2F
1-2: Ball
2-2: Foul Ball, location: 2F
2-2: Foul Ball, location: 2F
2-2: Ball
3-2: Base on Balls
Batting: RHB Dave Knight 0-0: Foul Ball, location: 2F
0-1: Ball
1-1: Reached on error, E4 (Groundball, 4)
Randolph Davis scores
Pedro Cruz to third
Wilfrid Savary to second
Batting: RHB Forest Simmons 0-0: Ball
1-0: Ball
2-0: Ground out U3 (Groundball, 3)
Bottom of the 1st over - 1 run(s), 2 hit(s), 1 error(s), 3 left on base; Capital District 0 - Jacksonville 1
TOP OF THE 2ND
Capital District Red Knights batting - Pitching for Jacksonville Sharks : LHP William Davis
Batting: RHB Jian-zhang Phan 0-0: Swinging Strike
0-1: Foul Ball, location: 2F
0-2: Foul Ball, location: 2F
0-2: Ball
1-2: Strikes out swinging
Batting: RHB Cullen Spencer 0-0: Called Strike
0-1: Foul Ball, location: 2F
0-2: Ball
1-2: Fly out, F9 (Flyball, 9LSF)
Batting: RHB Raykom Mikeladze 0-0: Fly out, F5 (Line Drive, 56S)
Top of the 2nd over - 0 run(s), 0 hit(s), 0 error(s), 0 left on base; Capital District 0 - Jacksonville 1
BOTTOM OF THE 2ND
Jacksonville Sharks batting - Pitching for Capital District Red Knights : RHP John Alvarado
Batting: RHB Jesús Castro 0-0: Ball
1-0: Ball
2-0: Ball
3-0: Called Strike
3-1: Foul Ball, location: 2F
3-2: SINGLE (Groundball, 56)
Batting: LHB William Davis 0-0: Reached on error, E2 (Groundball, 2L)
Jesús Castro to third
Batting: RHB Randolph Davis 0-0: Ball
1-0: Called Strike
1-1: Ground out 5-3 (Groundball, 5S)
Batting: RHB Pedro Cruz 0-0: Ball
1-0: Ball
2-0: Ball
3-0: Called Strike
3-1: Base on Balls
Batting: RHB Luis Muńóz 0-0: Ball
1-0: Ball
2-0: Foul Ball, location: 2F
2-1: Swinging Strike
2-2: Ball
3-2: Foul Ball, location: 2F
3-2: Base on Balls
Jesús Castro scores
William Davis to third
Pedro Cruz to second
Batting: RHB Bertrand Sunter 0-0: Called Strike
0-1: Ball
1-1: Foul Ball, location: 2F
1-2: Fly out, F7 (Flyball, 78D)
Runner from 3rd tags up, SCORES, no throw
Batting: LHB Wilfrid Savary 0-0: Ball
1-0: Ball
2-0: Called Strike
2-1: Ball
3-1: Base on Balls
Pedro Cruz to third
Luis Muńóz to second
Batting: RHB Dave Knight 0-0: Called Strike
0-1: Ball
1-1: Fly out, F7 (Line Drive, 78D)
Bottom of the 2nd over - 2 run(s), 1 hit(s), 1 error(s), 3 left on base; Capital District 0 - Jacksonville 3
TOP OF THE 3RD
Capital District Red Knights batting - Pitching for Jacksonville Sharks : LHP William Davis
Batting: LHB Jeff Walsh 0-0: Ball
1-0: Called Strike
1-1: Foul Ball, location: 2F
1-2: Strikes out looking
Batting: RHB John Alvarado 0-0: Called Strike
0-1: Foul Ball, location: 2F
0-2: Foul Ball, location: 2F
0-2: Fly out, F6 (Popup, 6MS)
Batting: LHB Alfonso Martínez 0-0: SINGLE (Groundball, 34)
Batting: RHB Ricardo Romo 0-0: Ball
1-0: Called Strike
1-1: Foul Ball, location: 2F
1-2: Strikes out looking
Top of the 3rd over - 0 run(s), 1 hit(s), 0 error(s), 1 left on base; Capital District 0 - Jacksonville 3
BOTTOM OF THE 3RD
Jacksonville Sharks batting - Pitching for Capital District Red Knights : RHP John Alvarado
Batting: RHB Forest Simmons 0-0: Called Strike
0-1: Swinging Strike
0-2: Ball
1-2: Ball
2-2: Ball
3-2: Fly out, F8 (Flyball, 8RS)
Batting: RHB Jesús Castro 0-0: Ball
1-0: Ball
2-0: Called Strike
2-1: Foul Ball, location: 2F
2-2: SOLO HOME RUN (Flyball, 9D), Distance : 351 ft
Batting: LHB William Davis 0-0: Ball
1-0: Ball
2-0: Ball
3-0: Base on Balls
Batting: RHB Randolph Davis 0-0: Foul Ball, location: 2F
0-1: Foul Ball, location: 2F
0-2: Ball
1-2: SINGLE (Groundball, 56D)
William Davis to second
Batting: RHB Pedro Cruz 0-0: Ball
1-0: Ball
2-0: Ball
3-0: Base on Balls
William Davis to third
Randolph Davis to second
Batting: RHB Luis Muńóz 0-0: Called Strike
0-1: Swinging Strike
0-2: Ball
1-2: Ball
2-2: Ball
3-2: Fly out, F8 (Flyball, 8LD)
Runner from 3rd tags up, SCORES, no throw
Randolph Davis to third
Batting: RHB Bertrand Sunter 0-0: Ball
1-0: Foul Ball, location: 2F
1-1: Swinging Strike
1-2: Ball
2-2: Foul Ball, location: 2F
2-2: Strikes out looking
Bottom of the 3rd over - 2 run(s), 2 hit(s), 0 error(s), 2 left on base; Capital District 0 - Jacksonville 5
TOP OF THE 4TH
Capital District Red Knights batting - Pitching for Jacksonville Sharks : LHP William Davis
Batting: RHB Chang-bum Pak 0-0: Ball
1-0: Swinging Strike
1-1: Ball
2-1: Ball
3-1: Foul Ball, location: 2F
3-2: Base on Balls
Batting: LHB Dave Knight 0-0: Called Strike
0-1: Ball
Chang-bum Pak is caught stealing 2nd base
1-1: Fly out, F8 (Flyball, 8LD)
Batting: RHB Jian-zhang Phan 0-0: Ball
1-0: Swinging Strike
1-1: Fly out, F8 (Flyball, 8LXD)
Top of the 4th over - 0 run(s), 0 hit(s), 0 error(s), 0 left on base; Capital District 0 - Jacksonville 5
BOTTOM OF THE 4TH
Jacksonville Sharks batting - Pitching for Capital District Red Knights : RHP John Alvarado
Batting: LHB Wilfrid Savary 0-0: Fly out, F8 (Flyball, 8RD)
Batting: RHB Dave Knight 0-0: Ball
1-0: Ball
2-0: Fly out, F5 (Line Drive, 5)
Batting: RHB Forest Simmons 0-0: Ball
1-0: Ball
2-0: Ball
3-0: Called Strike
3-1: Foul Ball, location: 2F
3-2: SINGLE (Groundball, 3S) (infield hit)
Pitching: RHP Enrique Rodríguez
Batting: RHB Jesús Castro 0-0: Ball
1-0: Ball
2-0: Called Strike
2-1: Swinging Strike
2-2: Foul Ball, location: 2F
2-2: Ball
3-2: Strikes out swinging
Bottom of the 4th over - 0 run(s), 1 hit(s), 0 error(s), 1 left on base; Capital District 0 - Jacksonville 5
TOP OF THE 5TH
Capital District Red Knights batting - Pitching for Jacksonville Sharks : LHP William Davis
Batting: RHB Cullen Spencer 0-0: Foul Ball, location: 2F
0-1: Foul Ball, location: 2F
0-2: Strikes out swinging
Batting: RHB Raykom Mikeladze 0-0: Called Strike
0-1: Ground out 4-3 (Groundball, 4)
Batting: LHB Jeff Walsh 0-0: Called Strike
0-1: Ball
1-1: Called Strike
1-2: Strikes out looking
Top of the 5th over - 0 run(s), 0 hit(s), 0 error(s), 0 left on base; Capital District 0 - Jacksonville 5
BOTTOM OF THE 5TH
Jacksonville Sharks batting - Pitching for Capital District Red Knights : RHP Enrique Rodríguez
Batting: LHB William Davis 0-0: Ball
1-0: Foul Ball, location: 2F
1-1: Called Strike
1-2: Ground out 4-3 (Groundball, 34)
Batting: RHB Randolph Davis 0-0: Called Strike
0-1: Ball
1-1: Ball
2-1: Fly out, F8 (Flyball, 8LD)
Batting: RHB Pedro Cruz 0-0: Ball
1-0: Foul Ball, location: 2F
1-1: Foul Ball, location: 2F
1-2: Ball
2-2: SINGLE (Line Drive, 78S)
Batting: RHB Luis Muńóz 0-0: Ball
1-0: Foul Ball, location: 2F
1-1: Ball
2-1: Foul Ball, location: 2F
2-2: Foul Ball, location: 2F
2-2: Ground out 5-3 (Groundball, 5S)
Bottom of the 5th over - 0 run(s), 1 hit(s), 0 error(s), 1 left on base; Capital District 0 - Jacksonville 5
TOP OF THE 6TH
Capital District Red Knights batting - Pitching for Jacksonville Sharks : LHP William Davis
Pinch Hitting: RHB José Romano 0-0: Called Strike
0-1: Ball
1-1: Foul Ball, location: 2F
1-2: Strikes out swinging
Batting: LHB Alfonso Martínez 0-0: Called Strike
0-1: Ball
1-1: Swinging Strike
1-2: SINGLE (Groundball, 6MD)
Batting: RHB Ricardo Romo 0-0: Called Strike
0-1: Grounds into double play, 5-4-3 (Groundball, 5)
Top of the 6th over - 0 run(s), 1 hit(s), 0 error(s), 0 left on base; Capital District 0 - Jacksonville 5
BOTTOM OF THE 6TH
Jacksonville Sharks batting - Pitching for Capital District Red Knights : RHP Enrique Rodríguez
Pitching: RHP Steve Ward
Batting: RHB Bertrand Sunter 0-0: Foul Ball, location: 2F
0-1: Ball
1-1: Foul Ball, location: 2F
1-2: Fly out, F3 (Popup, 34)
Batting: LHB Wilfrid Savary 0-0: Foul Ball, location: 2F
0-1: Foul Ball, location: 2F
0-2: Ball
1-2: Ball
2-2: Foul Ball, location: 2F
2-2: Ball
3-2: Fly out, F8 (Popup, 6MD)
Batting: RHB Dave Knight 0-0: Swinging Strike
0-1: Ground out 6-3 (Groundball, 6)
Bottom of the 6th over - 0 run(s), 0 hit(s), 0 error(s), 0 left on base; Capital District 0 - Jacksonville 5
TOP OF THE 7TH
Capital District Red Knights batting - Pitching for Jacksonville Sharks : LHP William Davis
Batting: RHB Chang-bum Pak 0-0: Ball
1-0: Ball
2-0: Foul Ball, location: 2F
2-1: Ball
3-1: Ground out 4-3 (Groundball, 4M)
Batting: LHB Dave Knight 0-0: Ball
1-0: Fly out, F9 (Flyball, 9D)
Batting: RHB Jian-zhang Phan 0-0: Ball
1-0: Ground out 4-3 (Groundball, 34S)
Top of the 7th over - 0 run(s), 0 hit(s), 0 error(s), 0 left on base; Capital District 0 - Jacksonville 5
BOTTOM OF THE 7TH
Jacksonville Sharks batting - Pitching for Capital District Red Knights : RHP Steve Ward
Batting: RHB Forest Simmons 0-0: Foul Ball, location: 2F
0-1: SINGLE (Groundball, 34D)
Batting: RHB Jesús Castro 0-0: Ball
Forest Simmons is caught stealing 2nd base
1-0: Ball
2-0: Ball
3-0: Called Strike
3-1: Foul Ball, location: 2F
3-2: Foul Ball, location: 2F
3-2: Base on Balls
Batting: LHB William Davis 0-0: Bunted foul
0-1: Bunted foul
0-2: Bunted foul, Strikeout!
Batting: RHB Randolph Davis 0-0: Foul Ball, location: 2F
0-1: Swinging Strike
0-2: Fly out, F8 (Line Drive, 8LM)
Bottom of the 7th over - 0 run(s), 1 hit(s), 0 error(s), 1 left on base; Capital District 0 - Jacksonville 5
TOP OF THE 8TH
Capital District Red Knights batting - Pitching for Jacksonville Sharks : LHP William Davis
Batting: RHB Cullen Spencer 0-0: Ball
1-0: Called Strike
1-1: Foul Ball, location: 2F
1-2: Ball
2-2: Ball
3-2: Strikes out looking
Batting: RHB Raykom Mikeladze 0-0: Called Strike
0-1: Swinging Strike
0-2: Ball
1-2: Strikes out swinging
Batting: LHB Jeff Walsh 0-0: Ball
1-0: SINGLE (Groundball, 3S)
Batting: RHB Steve Ward 0-0: Swinging Strike
0-1: Ball
1-1: Foul Ball, location: 2F
1-2: Fly out, F6 (Line Drive, 6)
Top of the 8th over - 0 run(s), 1 hit(s), 0 error(s), 1 left on base; Capital District 0 - Jacksonville 5
BOTTOM OF THE 8TH
Jacksonville Sharks batting - Pitching for Capital District Red Knights : RHP Steve Ward
Batting: RHB Pedro Cruz 0-0: Called Strike
0-1: Swinging Strike
0-2: Ground out 1-3 (Groundball, 13S)
Pitching: RHP Owen Henderson
Batting: RHB Luis Muńóz 0-0: Ball
1-0: Called Strike
1-1: Ball
2-1: SINGLE (Line Drive, 6MD)
Batting: RHB Bertrand Sunter 0-0: Ball
Pickoff Throw to First - Out!
1-0: SINGLE (Line Drive, 78M)
Batting: LHB Wilfrid Savary 0-0: Ball
1-0: Fly out, F9 (Flyball, 9LDF)
Bottom of the 8th over - 0 run(s), 2 hit(s), 0 error(s), 1 left on base; Capital District 0 - Jacksonville 5
TOP OF THE 9TH
Capital District Red Knights batting - Pitching for Jacksonville Sharks : LHP William Davis
Batting: LHB Alfonso Martínez 0-0: Ball
1-0: Ball
2-0: Fly out, F5 (Popup, 5S)
Batting: RHB Ricardo Romo 0-0: Ball
1-0: Foul Ball, location: 2F
1-1: Foul Ball, location: 2F
1-2: Foul Ball, location: 2F
1-2: Ground out 6-3 (Groundball, 6M)
Batting: RHB Chang-bum Pak 0-0: Fly out, F4 (Popup, 34)
Top of the 9th over - 0 run(s), 0 hit(s), 0 error(s), 0 left on base; Capital District 0 - Jacksonville 5
This league is powered by Out of the Park Baseball, the baseball management simulation game for PC, Mac and Linux
Monday, May 4th, 2015 - OOTP Baseball 15.6 Build 34